 Dungeon Crawl Stone Soup version 0.25-a0-290-g4a1327ee3a (webtiles) character file.

Game seed: 14438889049019811659, levelgen mode: classic

64354 Borgoz the Swashbuckler (level 15, -4/98 HPs)
             Began as a Kobold Assassin on Dec 15, 2019.
             Was a High Priest of Okawaru.
             Slain by a spriggan rider
             ... wielding the +7 demon trident of Terra Cotta {antimagic, rF+ Str+4 Int+3}
              (12 damage)
             ... on level 2 of the Lair of Beasts.
             The game lasted 01:16:43 (28037 turns).

Borgoz the Swashbuckler (Kobold Assassin)          Turns: 28037, Time: 01:16:43

Health: -4/98      AC: 14    Str: 18    XL:     15   Next: 53%
Magic:  0/13       EV: 27    Int: 12    God:    Okawaru [*****.]
Gold:   377        SH:  7    Dex: 20    Spells: 24/24 levels left

rFire    + . .     SeeInvis .   a - +2 short sword of the Skies Above {drain, +Blink MP-9 Str+3 Dex+3}
rCold    . . .     Gourm    .   e - +0 buckler
rNeg     . . .     Faith    .   o - +3 troll leather armour
rPois    .         Spirit   +   W - +0 helmet
rElec    .         Reflect  .   m - +2 cloak {+Inv}
rCorr    +         Harm     .   F - +0 pair of gloves
MR       +....                  (no boots)
Stlth    +++++.....             x - amulet of guardian spirit
HPRegen  0.66/turn              B - ring of resist corrosion
MPRegen  0.13/turn              g - ring of protection from fire

@: lethally poisoned (-4 -> -4), berserk cooldown, very slightly contaminated,
slowed, very slow
A: small, blurry vision 1, carnivore
a: Heroism, Finesse, Renounce Religion, Evoke Blink, Evoke Invisibility


You were on level 2 of the Lair of Beasts.
You worshipped Okawaru.
Okawaru was extremely pleased with you.
You were completely stuffed.

You visited 3 branches of the dungeon, and saw 22 of its levels.
You also visited: Gauntlet.

You collected 1159 gold pieces.
You spent 782 gold pieces at shops.

Inventory:

Hand Weapons
 a - the +2 short sword of the Skies Above (weapon) {drain, +Blink MP-9 Str+3 Dex+3}
   (You acquired it on level 11 of the Dungeon)

   A truly terrible weapon, it drains the life of those it strikes.
   It affects your strength (+3).
   It affects your dexterity (+3).
   It affects your magic capacity (-9).
   It lets you blink.
 b - the +5 falchion "Xyomeut" {elec, rPois rC+ SInv}
   (You found it on level 2 of the Lair of Beasts)

   Occasionally, upon striking a foe, it will discharge some electrical energy
   and cause terrible harm.
   It protects you from cold.
   It protects you from poison.
   It lets you see invisible.
 I - a +0 rapier
Missiles
 D - 5 throwing nets (quivered)
Armour
 e - a +0 buckler (worn)
 h - a +3 ring mail of cold resistance
 m - a +2 cloak of invisibility (worn)
 o - a +3 troll leather armour (worn)
 F - a +0 pair of gloves (worn)
 R - +0 gold dragon scales
 W - a +0 helmet (worn)
Jewellery
 g - a ring of protection from fire (right hand)
 v - an uncursed ring of see invisible
 x - an amulet of guardian spirit (around neck)
 B - a ring of resist corrosion (left hand)
 C - an uncursed ring of ice
 L - an uncursed ring of ice
Wands
 c - a wand of iceblast (7)
 j - a wand of scattershot (8)
 p - a wand of flame (36)
 r - a wand of paralysis (16)
 K - a wand of digging (2)
 M - a wand of acid (17)
 T - a wand of disintegration (18)
Scrolls
 d - 2 scrolls of blinking
 i - 3 scrolls of fear
 k - 13 scrolls of remove curse
 n - 4 scrolls of magic mapping
 t - 2 scrolls of teleportation
 z - 3 scrolls of summoning
 A - 2 scrolls of fog
Potions
 l - 2 potions of agility
 q - a potion of invisibility
 w - a potion of heal wounds
 E - 3 potions of curing
 H - 4 potions of haste
 J - 2 potions of ambrosia
 N - a potion of berserk rage
 O - 3 potions of might
 Q - a potion of flight
 S - 2 potions of lignification
 U - a potion of resistance
Comestibles
 f - 39 rations


   Skills:
 * Level 13.0 Fighting
 * Level 15.1 Short Blades
 - Level 2.1 Throwing
 * Level 8.2 Armour
 * Level 13.8 Dodging
 - Level 10.0 Stealth
 + Level 5.0 Shields
 - Level 5.0 Spellcasting
 + Level 7.5 Invocations
 + Level 7.2 Evocations


You had 24 spell levels left.
You didn't know any spells.
Your spell library contained the following spells:

 Spells                   Type           Power        Failure   Level  Hunger
 Apportation              Tloc           #.....       24%         1    None
 Foxfire                  Conj/Fire      #...         24%         1    None
 Infusion                 Chrm           #...         24%         1    None
 Summon Butterflies       Summ           #.......     24%         1    None
 Summon Small Mammal      Summ           #...         24%         1    None
 Call Imp                 Summ           #.......     36%         2    ##.....
 Poisonous Vapours        Pois/Air       #.....       36%         2    ##.....
 Swiftness                Chrm/Air       #.......     36%         2    ##.....
 Call Canine Familiar     Summ           #.......     58%         3    ###....
 Conjure Flame            Conj/Fire      #.......     58%         3    ###....
 Mephitic Cloud           Conj/Pois/Air  #.......     58%         3    ###....
 Regeneration             Chrm/Necr      #.........   58%         3    ###....
 Stone Arrow              Conj/Erth      #.....       58%         3    ###....
 Summon Guardian Golem    Hex/Summ       #.......     58%         3    ###....
 Leda's Liquefaction      Hex/Erth       #.........   94%         4    ####...
 Summon Ice Beast         Ice/Summ       #.......     94%         4    ####...
 Summon Lightning Spire   Summ/Air       #.......     94%         4    ####...
 Bolt of Magma            Conj/Fire/Erth #.........   100%        5    ######.
 Borgnjor's Vile Clutch   Necr/Erth      #.........   100%        5    ######.
 Summon Forest            Summ/Tloc      #.........   100%        5    ######.
 Summon Mana Viper        Hex/Summ       #.......     100%        5    ######.
 Freezing Cloud           Conj/Ice/Air   #.........   100%        6    #######
 Ring of Flames           Chrm/Fire      #.........   100%        7    #######
 Summon Hydra             Summ           #.........   100%        7    #######
 Disjunction              Tloc           #.........   100%        8    #######
 Ignition                 Fire           #.........   100%        8    #######
 Dragon's Call            Summ           #.........   100%        9    #######


Dungeon Overview and Level Annotations

Branches:
Dungeon (15/15)            Temple (1/1) D:7            Lair (6/6) D:11
  Swamp (0/4) Lair:3        Snake (0/4) Lair:3          Orc (0/2) D:9
 Vaults (0/5) D:13         Depths (0/5) D:15        Gauntlet (visited)
  Slime: Lair:5-6

Altars:
Ashenzari
Cheibriados
Dithmenos
Elyvilon
Fedhas
Gozag
Hepliaklqana
Kikubaaqudgha
Makhleb
Nemelex Xobeh
Okawaru
Qazlal
Ru
Sif Muna
Trog
Uskayaw
Vehumet
Wu Jian
Xom
Yredelemnul
Zin
The Shining One

Shops:
D:9 (   D:11 *   D:14 ?   D:15 [

Annotations:
D:8 3 runed translucent doors, TheNamelessOne's ghost, novice OpFi
Lair:2 1 transporter, Deavvycs's ghost, journeyman TrHu
Lair:3 3 runed translucent doors, LostGamesStreakFreak's ghost, journeyman MiFi


Innate Abilities, Weirdness & Mutations

You are small and have problems with some larger weapons.
You are carnivorous and can eat meat at any time.
Scrolls take you a little longer to read.


Message History

You flicker back into view.
The spriggan rider hits you from afar with the +7 demon trident of Terra Cotta {antimagic, rF+ Str+4 Int+3}.
You feel your power leaking away.
The spriggan hits you but does no damage.
You feel sick.
The spriggan rider hits you from afar with the +7 demon trident of Terra Cotta {antimagic, rF+ Str+4 Int+3}!
You feel your power leaking away.
The spriggan hits you but does no damage.
You can move again.
Really read with blurry vision while enemies are nearby?
You feel sick.
The spriggan rider hits you from afar with the +7 demon trident of Terra Cotta {antimagic, rF+ Str+4 Int+3}!!
* * * LOW HITPOINT WARNING * * *
The spriggan closely misses you.
You begin reading the scroll.
You continue reading the scroll.
You feel sick. Deavvycs's ghost closely misses you.
The spriggan hits you with a +0 short sword.
* * * LOW HITPOINT WARNING * * *
The spriggan rider hits you from afar with the +7 demon trident of Terra Cotta {antimagic, rF+ Str+4 Int+3}!
You die...

..........#####..................
...#.P..###.©.###................
..<#.#.###..#...##...............
....#..#..###....#...............
...##.##..#≈#....##.#..#P#######÷
...#..#...#().....#....### #..
#....©#....?_.#.i©#©..## ##.
......#..i#(..≈#W.#...# ##
#<....####≈#.###@##...# #
#......# ###†#.i##....# #
#......###....)i##....# #
........###...###.....### #
..........#####.......#P### #####
####.###P...............P.###.##.
#..# ####...#####..............
#..# ##.#....#..............
####.### ##...........>..........


You could see a spriggan rider, 2 spriggans and Deavvycs's ghost.

Vanquished Creatures
  A minotaur (Gauntlet)
  Josephine (D:12)
  Harold (D:7)
  7 hydras
  Erolcha (D:12)
  2 two-headed ogres
  Erica (D:10)
  2 death knights
  3 centaur warriors (D:13)
  3 death yaks (Lair:5)
  Urug (Lair:4)
  4 unseen horrors
  2 skeletal warriors
  A wizard (Gauntlet)
  A necromancer (Gauntlet)
  3 orc knights
  Pikel (D:4)
  3 phantasmal warriors
  2 oklob plants (Lair:4)
  A salamander (D:15)
  3 manticores
  A moth of wrath (Lair:2)
  An ugly thing (D:13)
  A torpor snail (Lair:4)
  6 spiny frogs
  2 gargoyles
  8 komodo dragons
  A kobold demonologist (D:13)
  3 rime drakes
  9 polar bears (Lair:5)
  A harpy zombie (D:15)
  A meliai (D:14)
  A tyrant leech (shapeshifter) (D:15)
  3 trolls
  A hornet (D:11)
  Grinder (D:3)
  8 hippogriffs
  12 blink frogs
  A meliai zombie (D:13)
  Sigmund (D:5)
  3 spriggans
  4 shadows
  A water elemental (D:15)
  44 yaks
  3 wyverns
  A vampire (D:13)
  9 wraiths
  A spriggan (shapeshifter) (D:13)
  3 basilisks
  6 vampire mosquitoes
  Menkaure (D:7)
  2 hungry ghosts
  3 swamp worms (Gauntlet)
  3 nagas (Lair:3)
  2 acid dragons
  A soldier ant (D:13)
  A warg (D:15)
  8 water moccasins
  9 porcupines
  An ice beast (D:9)
  8 orc warriors
  3 phantoms
  4 slaves (D:4)
  4 sky beasts
  An eye of draining (D:15)
  3 boggarts
  10 wolves
  A necrophage (D:12)
  8 ogres
  7 centaurs
  11 crocodiles
  8 big kobolds
  14 bullfrogs
  2 water moccasin zombies
  5 scorpions
  A wyvern skeleton (D:10)
  A water moccasin skeleton (D:9)
  6 killer bees
  16 wights
  2 electric eels (Lair:2)
  2 howler monkeys (D:6)
  5 crimson imps
  3 bullfrog zombies
  5 centaur zombies
  12 hounds
  Crazy Yiuf (D:3)
  3 jellies
  7 orc priests
  3 bullfrog skeletons
  3 centaur skeletons
  14 orc wizards
  Jessica (D:3)
  3 iguanas
  7 worker ants
  10 hell rats (Lair:1)
  A hound skeleton (D:10)
  A howler monkey zombie (D:5)
  A worker ant zombie (D:9)
  A howler monkey skeleton (D:4)
  15 adders
  7 gnolls
  3 river rats (Lair:1)
  8 shadow imps
  2 white imps
  2 oozes
  A worm (D:2)
  2 dart slugs
  5 leopard geckos
  61 orcs
  2 ball pythons
  5 giant cockroaches
  9 hobgoblins
  16 jackals
  5 quokkas
  6 bats
  3 frilled lizards
  A giant cockroach zombie (D:6)
  6 goblins
  A jackal skeleton (D:6)
  27 kobolds
  14 rats
611 creatures vanquished.

Vanquished Creatures (others)
  A wizard (Gauntlet)
  A bullfrog (D:13)
  3 fungi (Lair:4)
  7 plants
12 creatures vanquished.

Grand Total: 623 creatures vanquished

Notes
Turn   | Place    | Note
-------+----------+-------------------------------------------
     0 | D:1      | Borgoz the Kobold Assassin began the quest for the Orb.
     0 | D:1      | Reached XP level 1. HP: 12/12 MP: 1/1
   216 | D:1      | Reached XP level 2. HP: 18/18 MP: 2/2
   221 | D:1      | Reached skill level 3 in Short Blades
   852 | D:2      | Reached XP level 3. HP: 10/22 MP: 3/3
  1436 | D:2      | Reached XP level 4. HP: 26/27 MP: 4/4
  2136 | D:2      | HP: 1/28 [gnoll/+2 halberd of protection (9)]
  2137 | D:2      | Reached XP level 5. HP: 1/32 MP: 5/5
  2646 | D:2      | Reached skill level 4 in Short Blades
  2663 | D:2      | Reached skill level 1 in Armour
  3073 | D:2      | Found a hazy altar of Hepliaklqana.
  3073 | D:2      | Found a blossoming altar of Fedhas.
  3704 | D:3      | Noticed Jessica
  3733 | D:3      | Killed Jessica
  3948 | D:3      | Reached XP level 6. HP: 37/37 MP: 6/6
  4242 | D:3      | Found a runed translucent door.
  4243 | D:3      | Noticed Crazy Yiuf
  4393 | D:3      | Killed Crazy Yiuf
  4487 | D:4      | Noticed Grinder
  4492 | D:4      | Paralysed by Grinder for 6 turns
  4805 | D:4      | Noticed an ogre
  4812 | D:4      | Killed an ogre
  4812 | D:4      | Reached skill level 5 in Short Blades
  4812 | D:4      | Reached skill level 1 in Evocations
  4812 | D:4      | Reached XP level 7. HP: 43/43 MP: 6/8
  4913 | D:4      | Reached skill level 1 in Spellcasting
  4984 | D:4      | Noticed Pikel
  4993 | D:5      | Entered Level 5 of the Dungeon
  5494 | D:5      | Identified the Catalogue of Lucky Dislocation
  5659 | D:5      | Reached XP level 8. HP: 48/48 MP: 10/10
  5679 | D:5      | Noticed Sigmund
  5907 | D:5      | Killed Sigmund
  5907 | D:5      | Reached skill level 5 in Fighting
  5907 | D:5      | Reached skill level 6 in Short Blades
  5907 | D:5      | Reached skill level 5 in Dodging
  6661 | D:6      | Reached XP level 9. HP: 48/54 MP: 12/12
  6917 | D:7      | Reached skill level 7 in Short Blades
  6924 | D:7      | Reached skill level 1 in Shields
  6954 | D:7      | Found a staircase to the Ecumenical Temple.
  6961 | Temple   | Entered the Ecumenical Temple
  7081 | Temple   | Became a worshipper of Warmaster Okawaru
  7160 | D:7      | Found a shattered altar of Ashenzari.
  7162 | D:7      | Found a sparkling altar of Nemelex Xobeh.
  7350 | D:7      | Noticed Menkaure
  7359 | D:7      | Killed Menkaure
  7662 | D:7      | Noticed Harold
  7693 | D:7      | Killed Harold
  7693 | D:7      | Reached * piety under Okawaru
  7693 | D:7      | Reached ** piety under Okawaru
  7693 | D:7      | Reached skill level 8 in Short Blades
  7693 | D:7      | Reached XP level 10. HP: 61/61 MP: 13/15
  9293 | D:8      | Found a runed translucent gate.
  9294 | D:8      | Found a runed translucent gate.
  9294 | D:8      | Noticed a ten-headed hydra
  9294 | D:8      | Noticed TheNamelessOne's ghost (novice OpFi)
  9295 | D:8      | Found a runed translucent gate.
  9295 | D:8      | Noticed a ten-headed hydra
 10058 | D:9      | Noticed a two-headed ogre
 10071 | D:9      | Killed a two-headed ogre
 10071 | D:9      | Reached skill level 9 in Short Blades
 10119 | D:9      | Found a staircase to the Orcish Mines.
 10119 | D:9      | Found Fiomymn's Weapon Shoppe.
 10789 | D:9      | Reached *** piety under Okawaru
 10856 | D:9      | Reached skill level 5 in Evocations
 11027 | D:9      | Bought a +0 rapier for 52 gold pieces
 11108 | D:9      | Reached XP level 11. HP: 68/68 MP: 17/17
 11606 | D:9      | Reached skill level 1 in Invocations
 11822 | D:10     | Entered Level 10 of the Dungeon
 11826 | D:10     | Noticed an unseen horror
 11828 | D:10     | Noticed Erica
 11840 | D:10     | Killed Erica
 11840 | D:10     | Reached **** piety under Okawaru
 11840 | D:10     | Reached skill level 10 in Short Blades
 11851 | D:10     | Killed an unseen horror
 12255 | D:10     | Found a shimmering blue altar of Sif Muna.
 13325 | D:11     | Found a staircase to the Lair.
 13348 | D:11     | Found Kuycwi's General Store.
 13614 | D:11     | Reached skill level 5 in Spellcasting
 13624 | D:11     | Reached ***** piety under Okawaru
 14475 | D:4      | Received a gift from Okawaru
 14480 | D:4      | Got an encrusted shortbow {god gift}
 14481 | D:4      | Identified the +8 shortbow of Heruewac {speed, rF+ Str+6}
                  | (Okawaru gifted it to you on level 4 of the Dungeon)
 14509 | D:4      | Killed Pikel
 14797 | D:3      | Paralysed by Grinder for 5 turns
 14807 | D:3      | Killed Grinder
 14975 | D:5      | Reached XP level 12. HP: 76/76 MP: 19/19
 15125 | Lair:1   | Entered Level 1 of the Lair of Beasts
 15512 | D:12     | Reached skill level 11 in Short Blades
 15911 | D:12     | Reached skill level 10 in Dodging
 15941 | D:12     | Noticed Erolcha
 15949 | D:12     | Killed Erolcha
 15956 | D:12     | Reached skill level 10 in Stealth
 16389 | D:12     | Noticed Josephine
 16405 | D:12     | Killed Josephine
 16443 | D:12     | Reached skill level 5 in Armour
 16758 | D:12     | Received a gift from Okawaru
 16784 | D:12     | Reached skill level 10 in Fighting
 17201 | D:13     | Noticed an unseen horror
 17212 | D:13     | Killed an unseen horror
 17212 | D:13     | Received a gift from Okawaru
 17247 | D:13     | Noticed a centaur warrior
 17352 | D:13     | Noticed a centaur warrior
 17834 | D:13     | Killed a centaur warrior
 17834 | D:13     | Reached skill level 12 in Short Blades
 17845 | D:13     | Killed a centaur warrior
 18216 | D:13     | Noticed a centaur warrior
 18234 | D:13     | Killed a centaur warrior
 18234 | D:13     | Reached XP level 13. HP: 36/83 MP: 12/20
 18254 | D:13     | Reached skill level 5 in Invocations
 19247 | D:13     | Found a gate to the Vaults.
 19279 | D:14     | Reached skill level 13 in Short Blades
 19340 | D:14     | Received a gift from Okawaru
 19591 | D:14     | Found Juba's Magic Scroll Emporium.
 19594 | D:14     | You fall into a shaft and drop 1 floor!
 19594 | D:15     | Entered Level 15 of the Dungeon
 19729 | D:14     | Noticed an eight-headed hydra
 19771 | D:14     | Killed an eight-headed hydra
 19925 | D:14     | Bought a scroll of teleportation for 54 gold pieces
 20155 | D:14     | Gained mutation: Scrolls take you a little longer to read.
                  | [mutagenic glow]
 20404 | D:15     | Received a gift from Okawaru
 20671 | D:15     | Reached ****** piety under Okawaru
 20671 | D:15     | Received a gift from Okawaru
 20671 | D:15     | Reached XP level 14. HP: 90/90 MP: 21/21
 20749 | D:15     | Found Ihimus's Armour Shoppe.
 20913 | D:15     | Found a staircase to the Depths.
 21715 | Lair:1   | Reached skill level 14 in Short Blades
 22817 | Lair:2   | Found a transporter.
 22922 | Lair:2   | Found a bloodstained altar of Trog.
 22928 | Lair:2   | Noticed Deavvycs's ghost (journeyman TrHu)
 22936 | Lair:2   | Found a transporter.
 22936 | Lair:2   | Identified the +7 demon trident of Terra Cotta {antimagic,
                  | rF+ Str+4 Int+3}
 23123 | Lair:2   | Got a warped falchion
 23128 | Lair:2   | Identified the +5 falchion "Xyomeut" {elec, rPois rC+ SInv}
                  | (You found it on level 2 of the Lair of Beasts)
 23526 | D:11     | Bought a scroll of acquirement for 676 gold pieces
 23529 | D:11     | Got a dazzling short sword
 23530 | D:11     | Identified the +2 short sword of the Skies Above {drain,
                  | +Blink MP-9 Str+3 Dex+3} (You acquired it on level 11 of
                  | the Dungeon)
 23925 | Lair:3   | Found a staircase to the Swamp.
 24039 | Lair:3   | Found a staircase to the Snake Pit.
 24177 | Lair:3   | Got an encrusted hunting sling
 24180 | Lair:3   | Identified the +8 hunting sling of the Unseen Realm {speed,
                  | rF+ rN+ Int-3} (You found it on level 3 of the Lair of
                  | Beasts)
 24183 | Lair:3   | Found a runed translucent gate.
 24183 | Lair:3   | Found a runed translucent gate.
 24183 | Lair:3   | Found a runed translucent gate.
 24433 | Lair:3   | Noticed a minotaur
 24511 | Lair:3   | Noticed LostGamesStreakFreak's ghost (journeyman MiFi)
 25753 | Lair:4   | Noticed Urug
 25767 | Lair:4   | Killed Urug
 25767 | Lair:4   | Reached XP level 15. HP: 97/97 MP: 13/22
 26467 | Lair:5   | Found a gate leading to a gauntlet.
 26676 | Lair:6   | Entered Level 6 of the Lair of Beasts
 26765 | Gauntlet | Entered a Gauntlet
 26765 | Gauntlet | Found a transporter.
 26775 | Gauntlet | Found a transporter.
 26777 | Gauntlet | Found a transporter.
 26786 | Gauntlet | Found a transporter.
 26788 | Gauntlet | Found a transporter.
 26792 | Gauntlet | Found a runed translucent door.
 26794 | Gauntlet | Found a runed translucent door.
 26797 | Gauntlet | Found a transporter.
 26813 | Gauntlet | Found a transporter.
 26823 | Gauntlet | Found a transporter.
 26834 | Gauntlet | Found a transporter.
 26849 | Gauntlet | Found a transporter.
 26859 | Gauntlet | Found a transporter.
 26859 | Gauntlet | Found a transporter.
 26908 | Gauntlet | Found a transporter.
 26923 | Gauntlet | Found a transporter.
 27222 | Gauntlet | Reached skill level 15 in Short Blades
 27238 | Gauntlet | Got a sparkling bronze amulet
 27241 | Gauntlet | Identified the amulet "Piosat" {Acrobat Str+4 Stlth+} (You
                  | found it in a Gauntlet)
 27280 | Gauntlet | Identified Onker's Compendium of Calling and Earth
 27282 | Gauntlet | Got an encrusted cloak
 27285 | Gauntlet | Found the +2 cloak of the Thief {+Fog Slay-2 SInv Stlth+}
 27286 | Gauntlet | Got an ancient robe
 27288 | Gauntlet | Identified Jiashuu's Volume of the Blaze
 27302 | Gauntlet | Identified the +2 robe "Kiosucaz" {Str+2} (You found it in
                  | a Gauntlet)
 27314 | Gauntlet | Identified the +2 cloak of the Princeling {Dex+6 Stlth+}
                  | (You found it in a Gauntlet)
 27344 | Gauntlet | Got a steaming ring mail
 27356 | Gauntlet | Identified the +3 ring mail "Wantihekoergh" {rN+ Int-3
                  | Dex+2} (You found it in a Gauntlet)
 27730 | Lair:5   | Reached skill level 5 in Shields
 27781 | Lair:5   | Received a gift from Okawaru
 28037 | Lair:2   | Slain by a spriggan rider

Levels and vault maps discovered:
D:1:      tarquinn_simple_flora_water_a, layout_rooms
D:2:      layout_basic, amethyst_overflow_temple_binary, first_ration,
          guppyfry_early_lair_pool
D:3:      layout_basic, minmay_bisected, uniq_crazy_yiuf_cottage, uniq_jessica
D:4:      layout_loops_ring, uniq_pikel, uniq_grinder
D:5:      layout_basic, minmay_manual_moon, uniq_sigmund
D:6:      layout_loops_ring
D:7:      layout_basic, nicolae_overflow_hidden_temple,
          minmay_temple_entry_gardened_gates, the_bakery, uniq_harold,
          uniq_menkaure
D:8:      layout_basic, gammafunk_ghost_hydra_chop, grunt_ministairs_14,
          minmay_fire_ice_demons
D:9:      layout_gridville, orc_david_3
D:10:     kennysheep_orc_sif_temple, layout_basic, uniq_erica
D:11:     layout_loops_ring, serial_shops, shop_coins
D:12:     layout_gridville, minmay_fractal_squares_5, uniq_erolcha,
          uniq_josephine
D:13:     layout_cave_pools, hangedman_vaults_entry_quadrant_bands
D:14:     layout_irregular_city, serial_shops, shop,
          ebering_ghost_disaster_area, chequers_serial_rivers_small_3, eino_jars
D:15:     hangedman_depths_entry_try_elsewhere_first, layout_basic,
          fountainhead, serial_shops, shop, evilmike_butchery
Temple:   compressed_dpeg_circular_temple
Lair:1:   layout_loops_ring, minmay_hedge_maze, chequers_serial_rivers_room_b,
          kennysheep_abandoned_house
Lair:2:   layout_chaotic_city, gammafunk_ghost_wrathful_warriors, serial_bayou,
          serial_bayou_pond_b, serial_bayou_pond_d, serial_bayou_lagoon_a,
          serial_bayou_pond_d
Lair:3:   layout_loops_ring, swamp_mist, minmay_snake_entry_guardpost_small,
          maelrawn_ghost_gauntlet_escape
Lair:4:   layout_cave_pods, minmay_lair_oklob_chamber, grunt_megastairs_4,
          uniq_urug
Lair:5:   layout_gridlike, gauntlet_entry_generic, serial_bayou_ford_a,
          beast_lair_carwin_7
Lair:6:   minmay_lair_end_enchanted_forest, layout_hall_layers, slime_altar_2,
          grunt_megastairs_3, uniq_kirke

Skill      XL: |  1  2  3  4  5  6  7  8  9 10 11 12 13 14 15 |
---------------+----------------------------------------------+-----
Short Blades   | 3 4 5 6 8 9 10 12 13 14 15 | 15.1
Dodging        | 2 3 4 5 7 8 9 11 12 13 | 13.8
Fighting       | 3 4 5 6 7 9 10 11 12 13 | 13.0
Armour         | 1 2 3 4 5 6 7 8 |  8.2
Stealth        | 6 7 8 9 10 | 10.0
Evocations     | 1 2 4 5 6 7 |  7.2
Spellcasting   | 1 2 3 4 5 |  5.0
Shields        | 2 3 4 5 |  5.0
Invocations    | 3 4 6 7 |  7.5
Throwing       | |  2.1

Action                   |  1- 3 |  4- 6 |  7- 9 | 10-12 | 13-15 || total
-------------------------+-------+-------+-------+-------+-------++-------
Melee: Dagger            |    98 |   259 |   334 |   478 |     3 ||  1172
       Short sword       |       |       |       |   508 |  1268 ||  1776
       Unarmed           |       |       |       |     6 |       ||     6
       Punch             |       |       |       |     4 |       ||     4
       Falchion          |       |       |       |       |   149 ||   149
Throw: Throwing net      |       |       |       |     2 |       ||     2
       Dart              |       |       |       |     1 |       ||     1
Invok: Heroism           |       |       |       |    12 |    23 ||    35
       Finesse           |       |       |       |     1 |     2 ||     3
 Abil: Evoke Invisibilit |       |       |       |     9 |    23 ||    32
       Evoke Fog         |       |       |       |       |     1 ||     1
Evoke: Wand              |       |       |       |     3 |     7 ||    10
  Use: Scroll            |     1 |     5 |     5 |    15 |    25 ||    51
       Potion            |       |     5 |     1 |     4 |     3 ||    13
 Stab: Sleeping          |     8 |     7 |    12 |    23 |    35 ||    85
       Distracted        |       |     2 |     1 |     2 |     5 ||    10
       Invisible         |       |       |       |    17 |    67 ||    84
       Held in net/web   |       |       |       |     1 |       ||     1
       Paralysed         |       |       |       |       |     1 ||     1
  Eat: Chunk             |     8 |    13 |    15 |    36 |    41 ||   113
Armor: Robe              |     3 |    18 |       |       |       ||    21
       Ring mail         |       |    24 |    63 |    85 |       ||   172
       Skin              |       |       |    29 |       |       ||    29
       Acid dragon scale |       |       |       |    47 |    12 ||    59
       Troll leather arm |       |       |       |       |   160 ||   160
Dodge: Dodged            |    53 |   177 |   192 |   680 |  1168 ||  2270
Block: Shield            |       |       |    14 |       |       ||    14
       Buckler           |       |       |       |       |   380 ||   380
       Rpst.: Falchion   |       |       |       |       |    45 ||    45

Table legend:
 A = Non-vault XP
 B = Vault XP
 C = Vault XP percentage of total XP
 D = Non-vault monster count
 E = Vault monster count
 F = Vault count percentage of total count
                 A         B        C        D         E       F
            +---------+---------+-------+---------+---------+-------
      Total |   63228 |   28707 |  31.2 |     475 |     132 |  21.7
            +---------+---------+-------+---------+---------+-------
        D:1 |      41 |       0 |   0.0 |      17 |       0 |   0.0
        D:2 |     153 |       0 |   0.0 |      28 |       0 |   0.0
        D:3 |      73 |     360 |  83.1 |      23 |       6 |  20.7
        D:4 |     536 |     593 |  52.5 |      25 |       1 |   3.8
        D:5 |     315 |     485 |  60.6 |       9 |       5 |  35.7
        D:6 |     796 |       0 |   0.0 |      24 |       0 |   0.0
        D:7 |    1194 |    1414 |  54.2 |      38 |       3 |   7.3
        D:8 |     749 |     232 |  23.6 |      17 |       6 |  26.1
        D:9 |    3003 |     267 |   8.2 |      19 |       6 |  24.0
       D:10 |    2447 |    1113 |  31.3 |      27 |       3 |  10.0
       D:11 |    1814 |       0 |   0.0 |      17 |       0 |   0.0
       D:12 |    2439 |    4016 |  62.2 |      34 |      14 |  29.2
       D:13 |    7248 |    4446 |  38.0 |      30 |      18 |  37.5
       D:14 |    5781 |     489 |   7.8 |      23 |       4 |  14.8
       D:15 |   10179 |    2206 |  17.8 |      39 |       4 |   9.3
     Lair:1 |    3213 |     760 |  19.1 |      18 |      21 |  53.8
     Lair:2 |    3738 |    1100 |  22.7 |      18 |       4 |  18.2
     Lair:3 |    3289 |     486 |  12.9 |      12 |       3 |  20.0
     Lair:4 |   10116 |    3564 |  26.1 |      39 |       6 |  13.3
     Lair:5 |    4907 |    3392 |  40.9 |      12 |      12 |  50.0
     Lair:6 |    1197 |       0 |   0.0 |       6 |       0 |   0.0
   Gauntlet |       0 |    3784 | 100.0 |       0 |      16 | 100.0
            +---------+---------+-------+---------+---------+-------
